 Dungeon Crawl Stone Soup version 0.25-a0-566-g062765be81 (webtiles) character file.

Game seed: 4477374375037941191, levelgen mode: deterministic

2682 vurker the Zephyrmancer (level 9, 42/42 HPs)
             Began as a Felid Air Elementalist on Feb 28, 2020.
             Was a Follower of Vehumet.
             Quit the game on level 10 of the Dungeon.
             The game lasted 00:17:35 (16403 turns).

vurker the Zephyrmancer (Felid Air Elementalist)   Turns: 16403, Time: 00:17:35

Health: 42/42      AC:  2    Str:  4    XL:     9   Next: 37%
Magic:  22/22      EV: 18    Int: 21    God:    Vehumet [*.....]
Gold:   453        SH:  0    Dex: 18    Spells: 15/25 levels left
                                        Lives:  0   Deaths: 2

rFire    . . .     SeeInvis +   (weapon unavailable)
rCold    . . .     Gourm    .   (shield unavailable)
rNeg     . . .     Faith    .   (armour unavailable)
rPois    .         Spirit   .   (helmet unavailable)
rElec    .         Reflect  .   (cloak unavailable)
rCorr    .         Harm     .   (gloves unavailable)
MR       +....                  (boots unavailable)
Stlth    +++.......             (no amulet)
HPRegen  0.14/turn              o - ring of wizardry
MPRegen  0.18/turn              z - +2 ring of intelligence

@: quick
A: very small, no armour, no weapons or thrown items, stealth, claws 1, fangs 3,
see invisible, carnivore, speed 1, shaggy fur 2, slow metabolism 1, sharp paws
a: Renounce Religion


You were on level 10 of the Dungeon.
You worshipped Vehumet.
Vehumet was aware of your devotion.
You were not hungry.

You visited 2 branches of the dungeon, and saw 11 of its levels.
You also visited: Sewer.

You collected 453 gold pieces.

Inventory:

Jewellery
 o - a ring of wizardry (left paw)
   (You found it on level 3 of the Dungeon)
 z - a +2 ring of intelligence (right paw)
   (You found it on level 7 of the Dungeon)
Wands
 d - a wand of scattershot (1)
   (You found it on level 5 of the Dungeon)
 t - a wand of flame (47)
   (You found it on level 8 of the Dungeon)
 v - a wand of digging (7)
   (You found it on level 8 of the Dungeon)
 x - a wand of acid (5)
   (You took it off an orc on level 6 of the Dungeon)
Scrolls
 a - a scroll of identify
 b - 2 scrolls of random uselessness {unknown}
 c - 2 scrolls of amnesia
 f - 2 scrolls of immolation {unknown}
 g - a scroll of remove curse
 h - 4 scrolls of teleportation {unknown}
 m - 2 scrolls of acquirement {unknown}
 n - a scroll of fear {unknown}
 s - a scroll of blinking {unknown}
 y - 2 scrolls of enchant armour {unknown}
 A - a scroll of magic mapping
 C - a scroll of fog {unknown}
Potions
 i - 2 potions of magic {unknown}
 j - a potion of mutation {unknown}
 k - 5 potions of heal wounds
 l - 2 potions of lignification {unknown}
 p - 2 potions of invisibility
 q - 4 potions of curing
 r - a potion of ambrosia {unknown}
 u - 3 potions of flight
 w - 2 potions of resistance {unknown}
 B - a potion of brilliance {unknown}
Comestibles
 e - 18 rations


   Skills:
 + Level 6.5 Fighting
 - Level 2.6 Dodging
 - Level 2.6 Stealth
 * Level 8.8 Spellcasting
 * Level 7.7 Conjurations
 * Level 8.9 Air Magic


You had 15 spell levels left.
You knew the following spells:

 Your Spells              Type           Power        Failure   Level  Hunger
a - Shock                 Conj/Air       ####         1%          1    None
b - Lightning Bolt        Conj/Air       #####.....   2%          5    #####..
c - Airstrike             Air            #####.....   1%          4    ###....

Your spell library contained the following spells:

 Spells                   Type           Power        Failure   Level  Hunger
 Foxfire                  Conj/Fire      ####         1%          1    None
 Magic Dart               Conj           ####         1%          1    None
 Swiftness                Chrm/Air       ####....     1%          2    None
 Conjure Flame            Conj/Fire      ####....     1%          3    None
 Mephitic Cloud           Conj/Pois/Air  ####....     1%          3    None
 Static Discharge         Conj/Air       #####...     1%          3    None
 Animate Skeleton         Necr           N/A          3%          1    None
 Apportation              Tloc           #.....       3%          1    None
 Corona                   Hex            #......      3%          1    None
 Summon Small Mammal      Summ           #...         3%          1    None
 Blink                    Tloc           N/A          4%          2    None
 Call Imp                 Summ           #.......     4%          2    None
 Slow                     Hex            #.......     4%          2    None
 Silence                  Hex/Air        ####......   13%         5    #####..
 Cause Fear               Hex            #.........   28%         4    ###....
 Deflect Missiles         Chrm/Air       ####......   54%         6    ######.
 Yara's Violent Unravell  Hex/Tmut       #.........   58%         5    #####..
 Discord                  Hex            #.........   100%        8    #######


Dungeon Overview and Level Annotations

Branches:
Dungeon (10/15)            Temple (1/1) D:7            Lair (0/6) D:9
    Orc (0/2) D:9           Sewer (visited)

Altars:
Ashenzari
Cheibriados
Dithmenos
Elyvilon
Fedhas
Gozag
Hepliaklqana
Kikubaaqudgha
Makhleb
Nemelex Xobeh
Okawaru
Qazlal
Uskayaw
Vehumet
Wu Jian
Xom
Yredelemnul
Zin
The Shining One

Shops:
D:8 =   D:9 =

Annotations:
D:6 4 runed translucent doors, Killmatronix's ghost, novice OpHu


Innate Abilities, Weirdness & Mutations

You cannot wear armour.
You are incapable of wielding weapons or throwing items.
Your paws allow you to move quietly. (Stealth)
You have sharp claws.
You have razor-sharp teeth.
You have supernaturally acute eyesight. (SInv)
You are carnivorous and can eat meat at any time.
You cover ground quickly.
You are covered in thick fur. (AC +2)
You have a slow metabolism.
Your sharp claws are effective at attacking unaware monsters.


Message History

Aim: a two-headed ogre, wielding a +0 giant club and a +0 giant spiked club (resting)
You hear a mighty clap of thunder!
The bolt of lightning hits the two-headed ogre!!!
The bolt of lightning hits the two-headed ogre!
The two-headed ogre shouts in stereo!
The ogre mage shouts!
The two-headed ogre shouts in stereo!
You hear two shouts!
You hear a shout! x3
You hear an angry hiss.
You hear a shout!
Aim: a two-headed ogre, wielding a +0 giant club and a +0 giant spiked club (severely wounded)
You hear a mighty clap of thunder!
The bolt of lightning hits the two-headed ogre.
The bolt of lightning hits the two-headed ogre!!
You hear a shout! x2
The ogre mage casts a spell at something.
Aim: a two-headed ogre, wielding a +0 giant club and a +0 giant spiked club (severely wounded)
You hear a mighty clap of thunder!
The bolt of lightning misses the two-headed ogre.
The bolt of lightning hits the two-headed ogre!!
You kill the two-headed ogre!
Vehumet accepts your kill.
The bolt of lightning hits the two-headed ogre!!
You hear a shout!
The ogre mage casts a spell.
The ogre mage flickers and vanishes for a moment.
The two-headed ogre closely misses you. x2
You climb upwards.
There is a stone staircase leading down here.
Aim: a two-headed ogre, wielding a +0 giant club and a +0 giant spiked club (severely wounded)
The air twists around and strikes the two-headed ogre!
Aim: a two-headed ogre, wielding a +0 giant club and a +0 giant spiked club (almost dead)
The air twists around and strikes the two-headed ogre!
You kill the two-headed ogre!
Vehumet accepts your kill.
Things that are here:
a +0 giant club; a +0 giant spiked club Done exploring.
There is a stone staircase leading down here.
You climb downwards.
The two-headed ogre hits you with a +0 giant club!!
Ouch! That really hurt!
* * * LOW HITPOINT WARNING * * *
The two-headed ogre hits you with a +0 giant club.
* * * LOW HITPOINT WARNING * * *
There is a stone staircase leading up, spattered with blood here.
The two-headed ogre barely misses you.
The two-headed ogre hits you with a +0 giant club!!
Ouch! That really hurt!
You stop ascending the stairs.
You die...
You are now level 9!
You rejoin the land of the living...

# # .#
###.#####.# #.#
..........# #.#
#.....@..# #O#
#..........#
#)#
#.######.###
#.# .# #.# .
#O# ## #<#
...............
#.#.#.#.#......
.....#.###.#


There were no monsters in sight!

Vanquished Creatures
  Erica (D:8)
  2 two-headed ogres
  Pikel (D:7)
  Joseph (D:7)
  Grinder (D:6)
  A hippogriff (D:7)
  A vampire (D:9)
  Eustachio (D:6)
  Edmund (D:6)
  3 wargs (D:9)
  A water moccasin (D:7)
  An orc warrior (D:9)
  An ice beast (D:7)
  2 sky beasts
  A slave (D:7)
  4 phantoms
  5 ogres
  2 centaurs
  A big kobold (Sewer)
  3 bullfrogs
  5 scorpions
  3 wights (D:8)
  3 howler monkeys
  5 crimson imps
  A quasit (D:6)
  2 jellies
  7 hounds
  2 centaur skeletons
  An iguana (D:6)
  7 orc priests
  11 orc wizards
  3 worker ants
  3 gnolls (D:4)
  2 howler monkey skeletons
  11 adders
  6 river rats (Sewer)
  A shadow imp (D:5)
  An ooze (D:5)
  A worm (D:2)
  4 dart slugs
  5 leopard geckos
  49 orcs
  4 ball pythons (Sewer)
  5 bats
  5 giant cockroaches
  8 goblins
  4 hobgoblins (D:2)
  14 jackals
  27 kobolds
  3 quokkas
  A ball python skeleton (D:4)
  3 frilled lizards
  A quokka skeleton (D:5)
  28 rats
  A spectral orc (D:5)
271 creatures vanquished.

Vanquished Creatures (others)
  3 slaves (D:7)
  A centaur (D:7)
  A jackal zombie (D:7)
  A fungus (D:6)
  A plant (D:6)
7 creatures vanquished.

Grand Total: 278 creatures vanquished

Notes
Turn   | Place    | Note
-------+----------+-------------------------------------------
     0 | D:1      | vurker the Felid Air Elementalist began the quest for the
                  | Orb.
     0 | D:1      | Reached XP level 1. HP: 7/7 MP: 4/4
    97 | D:1      | Reached skill level 1 in Conjurations
   173 | D:1      | Reached XP level 2. HP: 2/12 MP: 0/6
  1094 | D:1      | Reached skill level 1 in Fighting
  1152 | D:1      | Reached XP level 3. HP: 15/15 MP: 4/7
  1760 | D:2      | Found an iron altar of Okawaru.
  3325 | D:3      | Reached XP level 4. HP: 17/19 MP: 5/9
  3729 | D:3      | Reached XP level 5. HP: 12/22 MP: 0/10
  4326 | D:3      | Found a faded altar of an unknown god.
  4770 | D:4      | Learned a level 5 spell: Lightning Bolt
  4775 | D:4      | Learned a level 4 spell: Airstrike
  5025 | D:4      | Gained mutation: You are covered in thick fur. (AC +2)
                  | [Felid growth]
  5025 | D:4      | Reached XP level 6. HP: 20/26 MP: 4/12
  5908 | D:4      | Reached XP level 7. HP: 30/30 MP: 1/14
  6125 | D:5      | Entered Level 5 of the Dungeon
  6178 | D:5      | Found a glowing drain.
  6182 | Sewer    | Entered a sewer
  6502 | Sewer    | Reached skill level 5 in Air Magic
  7540 | D:5      | Reached skill level 5 in Spellcasting
  7861 | D:5      | Found the +2 shield of Resistance {rF+ rC+ MR+}
  7935 | D:5      | Reached XP level 8. HP: 34/34 MP: 11/16
  8283 | D:5      | Found a basalt altar of Yredelemnul.
  8408 | D:5      | Found a sparkling altar of Nemelex Xobeh.
  9488 | D:6      | Found a white marble altar of Elyvilon.
  9488 | D:6      | Found a runed translucent door.
  9488 | D:6      | Noticed an angel
  9666 | D:6      | Noticed Edmund
  9684 | D:6      | Killed Edmund
  9760 | D:6      | Identified the +3 whip "Cuclesta" {vamp, rC+ rN+ MR+}
  9935 | D:6      | Noticed Grinder
 10046 | D:6      | Killed Grinder
 10046 | D:6      | Reached skill level 5 in Conjurations
 10046 | D:6      | Reached XP level 9. HP: 23/39 MP: 2/19
 10334 | D:6      | Found a glowing silver altar of Zin.
 10335 | D:6      | Noticed an angel
 10620 | D:6      | Noticed Eustachio
 10625 | D:6      | Killed Eustachio
 10834 | D:6      | Found a runed translucent gate.
 10834 | D:6      | Found a runed translucent gate.
 10834 | D:6      | Found a runed translucent gate.
 10834 | D:6      | Noticed Killmatronix's ghost (novice OpHu)
 10835 | D:6      | Noticed a kobold demonologist
 10835 | D:6      | Identified the +2 short sword of the Horn {chaos, *Contam
                  | +Inv rPois Str+2}
 10926 | D:7      | Noticed Pikel
 11041 | D:7      | Killed Pikel
 11092 | D:7      | Reached skill level 5 in Fighting
 11986 | D:7      | Found a snail-covered altar of Cheibriados.
 12419 | D:7      | Found a staircase to the Ecumenical Temple.
 12445 | Temple   | Entered the Ecumenical Temple
 12454 | Temple   | Became a worshipper of Vehumet
 12509 | D:7      | Found a burning altar of Makhleb.
 12530 | D:7      | Reached XP level 10. HP: 44/44 MP: 5/22
 12734 | D:7      | Noticed Joseph
 13312 | D:7      | Found a snail-covered altar of Cheibriados.
 13341 | D:7      | Killed Joseph
 13496 | D:7      | Found a burning altar of Makhleb.
 13602 | D:7      | Found a staircase to the Ecumenical Temple.
 13831 | D:8      | Found Xaubair's Jewellery Emporium.
 14172 | D:8      | Noticed Erica
 14178 | D:8      | Killed from afar by Erica
 14179 | D:8      | Reached XP level 9. HP: -5/40 MP: 2/21
 14234 | D:8      | Found a blossoming altar of Fedhas.
 14274 | D:8      | Killed Erica
 14535 | D:8      | Found a stormy altar of Qazlal.
 14631 | D:8      | Found a shimmering altar of Xom.
 15388 | D:9      | Found a staircase to the Lair.
 15530 | D:9      | Reached XP level 10. HP: 45/45 MP: 18/23
 15590 | D:9      | Reached * piety under Vehumet
 15590 | D:9      | Offered knowledge of Foxfire by Vehumet.
 15761 | D:9      | Found a staircase to the Orcish Mines.
 15794 | D:9      | Found an ornate altar of the Wu Jian Council.
 16045 | D:9      | Found Huarch's Jewellery Boutique.
 16138 | D:9      | Found a shattered altar of Ashenzari.
 16261 | D:10     | Entered Level 10 of the Dungeon
 16261 | D:10     | Noticed an ogre mage
 16261 | D:10     | Noticed a two-headed ogre
 16261 | D:10     | Noticed a two-headed ogre
 16261 | D:10     | Noticed a two-headed ogre
 16264 | D:10     | Killed a two-headed ogre
 16276 | D:9      | Killed a two-headed ogre
 16402 | D:10     | Mangled by a two-headed ogre
 16403 | D:10     | Reached XP level 9. HP: -13/42 MP: 22/22
 16403 | D:10     | Quit the game

Levels and vault maps discovered:
D:1:      minmay_arrival_floating_metal, layout_loops_ring
D:2:      minmay_evil_eye, layout_basic, first_ration, okawaru_altar_gauntlet_db
D:3:      layout_rooms, chequers_ecumenical_altar_lobes, st_stairs_7
D:4:      layout_basic
D:5:      minmay_inner_zag, layout_basic, yredelemnul_forgotten_temple_becter,
          portal_sewer_entry_e, nemelex_dance_club_becter
D:6:      layout_loops_ring, zin_angel, gammafunk_ghost_nasty_kobolds,
          lemuel_angel_altar, uniq_edmund, uniq_grinder, uniq_eustachio
D:7:      hangedman_cross_stitches, layout_loops_ring, lemuel_round_altar,
          nicolae_overflow_crystal_walls, minmay_temple_entry_offerings,
          uniq_pikel, uniq_joseph
D:8:      layout_loops_ring, kennysheep_mini, lemuel_coloured_pillars_altar,
          serial_shops, shop, fedhas_ov_isle_minmay, uniq_erica
D:9:      layout_long_grid, ashenzari_altar_1, lemuel_crystal_altar,
          erik_lair_orcish_takeover, david_orc_2, serial_shops,
          nicolae_shop_stone
D:10:     layout_basic, gammafunk_ghost_split, uniq_fannar
Temple:   eino_temple_lava

Skill      XL: |  1  2  3  4  5  6  7  8  9 |
---------------+----------------------------+-----
Conjurations   | 1 2 3 5 7 |  7.7
Air Magic      | 3 4 5 6 8 |  8.9
Fighting       | 1 2 3 4 6 |  6.5
Spellcasting   | 3 4 5 6 8 |  8.8
Dodging        | |  2.6
Stealth        | |  2.6

Action                   |  1- 3 |  4- 6 |  7- 9 | 10-12 || total
-------------------------+-------+-------+-------+-------++-------
Melee: Unarmed           |    38 |     3 |     3 |    18 ||    62
       Bite              |     3 |     1 |       |     1 ||     5
 Cast: Shock             |    96 |   136 |   174 |    18 ||   424
       Airstrike         |       |     4 |   135 |    37 ||   176
       Lightning Bolt    |       |       |       |     4 ||     4
Evoke: Wand              |       |       |    10 |     2 ||    12
  Use: Scroll            |       |     1 |     9 |     1 ||    11
 Stab: Sleeping          |     1 |       |       |       ||     1
  Eat: Chunk             |    11 |     6 |    33 |    11 ||    61
Armor: Skin              |     2 |     3 |     2 |       ||     7
Dodge: Dodged            |    52 |    18 |    52 |    26 ||   148

Table legend:
 A = Non-vault XP
 B = Vault XP
 C = Vault XP percentage of total XP
 D = Non-vault monster count
 E = Vault monster count
 F = Vault count percentage of total count
                 A         B        C        D         E       F
            +---------+---------+-------+---------+---------+-------
      Total |    6541 |    4074 |  38.4 |     180 |      90 |  33.3
            +---------+---------+-------+---------+---------+-------
        D:1 |      41 |       0 |   0.0 |      22 |       0 |   0.0
        D:2 |      26 |      17 |  39.5 |      14 |       9 |  39.1
        D:3 |     204 |       2 |   1.0 |      30 |       1 |   3.2
        D:4 |     533 |       0 |   0.0 |      23 |       0 |   0.0
        D:5 |     422 |     135 |  24.2 |      15 |       3 |  16.7
        D:6 |     945 |     653 |  40.9 |      24 |       3 |  11.1
        D:7 |    1431 |    1202 |  45.7 |      29 |       8 |  21.6
        D:8 |     693 |     965 |  58.2 |      14 |       1 |   6.7
        D:9 |    1341 |     824 |  38.1 |       8 |      17 |  68.0
       D:10 |     905 |       0 |   0.0 |       1 |       0 |   0.0
      Sewer |       0 |     276 | 100.0 |       0 |      48 | 100.0
            +---------+---------+-------+---------+---------+-------
